 Dungeon Crawl Stone Soup version 0.29-a0-356-g7bc237e783 (console) character file.

Game seed: 9149652719962483610

751 Melian the Skirmisher (level 7, 0/67 HPs)
             Began as a Minotaur Berserker on Apr 26, 2022.
             Was a Priest of Trog.
             Slain by a gnoll sergeant
             ... wielding a +0 trident
              (2 damage)
             ... on level 5 of the Dungeon.
             The game lasted 00:10:20 (4230 turns).

Melian the Skirmisher (Minotaur Berserker)          Turns: 4230, Time: 00:10:20

Health: 0/67       AC: 15    Str: 24    XL:     7   Next: 49%
Magic:  6/6        EV: 10    Int:  4    God:    Trog [***...]
Gold:   239        SH:  0    Dex:  9    Spells: 6/6 levels left

rFire   . . .      SeeInvis .   w - +0 war axe
rCold   + + .      Faith    .   (no shield)
rNeg    . . .      Spirit   .   b - +0 ice dragon scales
rPois   .          Reflect  .   (helmet restricted)
rElec   .          Harm     .   (no cloak)
rCorr   .          Rampage  .   v - +0 pair of gloves
Will    ++...                   (no boots)
Stlth   ..........              (no amulet)
HPRegen 1.21/turn               T - +4 ring of protection
MPRegen 0.10/turn               F - ring of protection from fire

@: strong-willed, on berserk cooldown, regenerating, slowed, very slow
A: horns 2, retaliatory headbutt
a: Renounce Religion, Berserk, Trog's Hand


You were on level 5 of the Dungeon.
You worshipped Trog.
Trog was most pleased with you.
You visited 2 branches of the dungeon, and saw 6 of its levels.

You collected 239 gold pieces.


Innate Abilities, Weirdness & Mutations

You have a pair of horns on your head.
You reflexively headbutt those who attack you in melee.


   Skills:
 + Level 7.7 Fighting
 + Level 7.7 Axes
 - Level 3.0 Armour
 - Level 3.0 Dodging


You had 6 spell levels left.
You didn't know any spells.
Your spell library contained the following spells:

 Spells                   Type           Power      Damage    Failure   Level
 Magic Dart               Conj           0%         1d3       86%         1
 Call Imp                 Summ           0%         N/A       94%         2
 Mephitic Cloud           Conj/Pois/Air  0%         N/A       99%         3

Inventory:

Hand Weapons
 a - a +0 hand axe
 w - a +0 war axe (weapon)
 x - a +1 vorpal hand axe
Missiles
 i - a throwing net (quivered) {=f}
Armour
 b - +0 ice dragon scales (worn)
 j - a +0 scale mail
 l - a +0 buckler
 v - a +0 pair of gloves (worn)
Jewellery
 F - a ring of protection from fire (right hand)
 T - a +4 ring of protection (left hand)
Scrolls
 d - a scroll of blinking {unknown}
 e - 2 scrolls of summoning {unknown}
 h - 6 scrolls of identify {unknown}
 o - 4 scrolls of noise {unknown}
 q - a scroll of magic mapping {unknown}
 r - 3 scrolls of teleportation {unknown}
 s - a scroll of silence {unknown}
 t - a scroll of immolation {unknown}
Potions
 c - 2 potions of attraction {unknown}
 f - 3 potions of brilliance {unknown}
 g - 2 potions of might {unknown}
 k - a potion of lignification {unknown}
 m - a potion of curing {unknown}
 n - a potion of ambrosia {unknown}
 p - 2 potions of heal wounds {unknown}
 u - a potion of cancellation {unknown}

Dungeon Overview and Level Annotations

Branches:
Dungeon (5/15)             Temple (1/1) D:4

Altars:
Cheibriados
Nemelex Xobeh
Sif Muna
Vehumet
Wu Jian

#. ...... #....# #. ...g.
#....# #. #.... #....# #.
#.... #....# #. #....
#....# #. #.... .... #.
#....#######)#######. #.
. #..........ggg.......
#.
.####.....######)########
#. ....##.#..######@# #.
....##.#.........# #.
....##.#..######.# #.
....##.#...# #.# #.
....##.#...## #.# #.
....##.#....####.########
#.
.......#................#
#.
.#.#.#....#.####.######.#
#. ..........#.## #.# #.#
#. #.#.#.#...#..# #.# #.#
#. ..........##.# #.# #.#
#.


You could see a gnoll sergeant and 2 gnolls.


Message History

You slash the gnoll!
You kill the gnoll!
Trog accepts your kill.
The gnoll hits you from afar with a +0 spear.
* * * LOW HITPOINT WARNING * * *
The gnoll sergeant hits you but does no damage.
The gnoll barely misses you. x2
The gnoll sergeant hits you but does no damage.
You slice the gnoll!!
You kill the gnoll!
Trog accepts your kill.
The gnoll throws a silver javelin.
The silver javelin pierces through you!
* * * LOW HITPOINT WARNING * * *
x2 The gnoll sergeant hits you from afar with a +0 trident.
* * * LOW HITPOINT WARNING * * *
The gnoll misses you.
The gnoll hits you but does no damage. x2
The gnoll sergeant hits you but does no damage.
You barely miss the gnoll. The gnoll hits you but does no damage.
The gnoll hits you with a +0 club.
* * * LOW HITPOINT WARNING * * *
The gnoll barely misses you.
The gnoll sergeant hits you from afar with a +0 trident.
* * * LOW HITPOINT WARNING * * *
You closely miss the gnoll. You headbutt the gnoll!
You kill the gnoll!
Trog accepts your kill. The gnoll barely misses you.
The gnoll hits you but does no damage.
The gnoll sergeant hits you from afar with a +0 trident.
* * * LOW HITPOINT WARNING * * *
The gnoll sergeant hits you from afar with a +0 trident.
You die...

Skill      XL: |  1  2  3  4  5  6 |
---------------+-------------------+-----
Fighting       | 4 5 6 7 |  7.7
Axes           | 4 5 7 |  7.7
Armour         | 3 |  3.0
Dodging        | 3 |  3.0

Action                   |  1- 3 |  4- 6 |  7- 9 || total
-------------------------+-------+-------+-------++-------
Melee: Hand axe          |   102 |    59 |       ||   161
       Headbutt          |    17 |    12 |     3 ||    32
       War axe           |       |    39 |    21 ||    60
       Punch             |       |     5 |       ||     5
Invok: Berserk           |     1 |     1 |     1 ||     3
       Trog's Hand       |       |       |     1 ||     1
Armor: Animal skin       |    12 |       |       ||    12
       Scale mail        |    19 |    16 |       ||    35
       Ice dragon scales |       |    42 |    25 ||    67
Dodge: Dodged            |    64 |    44 |    25 ||   133

Levels and vault maps discovered:
D:1:      dpeg_arrival_chambers_temple_mockup, layout_loops_ring,
          shapermc_ecumenical_altar_starsandcircs
D:2:      layout_rooms, basic_altar, uniq_robin
D:3:      layout_basic, nemelex_diamond_rough_becter, kennysheep_doodads,
          minmay_cupped
D:4:      layout_basic, temple_doors_ab, minmay_goblin_kobold_house
D:5:      layout_basic, gammafunk_temple_overflow_elements, hex_large
Temple:   compressed_dpeg_circular_temple

Notes
Turn   | Place    | Note
-------+----------+-------------------------------------------
     0 | D:1      | Melian the Minotaur Berserker began the quest for the Orb.
     0 | D:1      | Reached XP level 1. HP: 19/19 MP: 0/0
   119 | D:1      | HP: 2/20 [kobold/+0 short sword (2)]
   129 | D:1      | HP: 2/20 [bat (1)]
   444 | D:1      | Reached XP level 2. HP: 24/27 MP: 1/1
   859 | D:1      | Found a faded altar of an unknown god.
  1193 | D:2      | Noticed Robin
  1200 | D:2      | Killed Robin
  1201 | D:2      | Reached skill level 4 in Fighting
  1201 | D:2      | Reached skill level 4 in Axes
  1201 | D:2      | Reached skill level 3 in Armour
  1205 | D:2      | Reached XP level 3. HP: 26/33 MP: 2/2
  1205 | D:2      | Found an ornate altar of the Wu Jian Council.
  1445 | D:2      | Reached ** piety under Trog
  1534 | D:2      | Reached skill level 3 in Dodging
  2314 | D:3      | Found a sparkling altar of Nemelex Xobeh.
  2526 | D:3      | Reached XP level 4. HP: 37/41 MP: 3/3
  2756 | D:3      | Noticed a sky beast
  2769 | D:3      | Killed a sky beast
  2770 | D:3      | Reached skill level 5 in Fighting
  2770 | D:3      | Reached skill level 5 in Axes
  2770 | D:3      | Reached XP level 5. HP: 48/48 MP: 4/4
  3141 | D:4      | Found a staircase to the Ecumenical Temple.
  3245 | D:4      | Reached skill level 6 in Fighting
  3245 | D:4      | Reached XP level 6. HP: 33/57 MP: 5/5
  3413 | D:4      | Reached skill level 6 in Axes
  3637 | D:4      | Reached *** piety under Trog
  3762 | Temple   | Entered the Ecumenical Temple
  3784 | D:5      | Entered Level 5 of the Dungeon
  3910 | D:5      | Noticed an ice beast
  3923 | D:5      | Killed an ice beast
  3924 | D:5      | Reached skill level 7 in Fighting
  3924 | D:5      | Reached skill level 7 in Axes
  3924 | D:5      | Reached XP level 7. HP: 58/66 MP: 6/6
  4229 | D:5      | HP: 5/67 [gnoll sergeant/+0 trident (5)]
  4230 | D:5      | HP: 2/67 [gnoll sergeant/+0 trident (5)]
  4230 | D:5      | Slain by a gnoll sergeant

Vanquished Creatures
  An ice beast (D:5)
  A black bear (D:4)
  A sky beast (D:3)
  A phantom (D:4)
  A scorpion (D:5)
  2 hounds
  A jelly (D:4)
  Robin (D:2)
  3 adders
  12 gnolls
  3 ufetubi
  A worm (D:2)
  13 orcs
  8 endoplasms
  A giant cockroach (D:4)
  11 goblins
  7 hobgoblins
  12 kobolds
  A quokka (D:4)
  3 ball pythons
  5 bats (D:1)
  3 frilled lizards (D:3)
  3 rats
95 creatures vanquished.

Table legend: (Time is in decaauts)
 A = Elapsed time spent in this place.
 B = Non-inter-level travel time spent in this place.
 C = Inter-level travel time spent in this place.
 D = Time resting spent in this place.
 E = Time spent auto-exploring this place.
 F = Levels seen in this place.
 G = Mean time per level.
                   A        B        C        D        E       F      G
               +--------+--------+--------+--------+--------+-----+--------+
         Total |   4278 |   4170 |    108 |    328 |   3150 |   6 |  713.0 |
       Dungeon |   4277 |   4169 |    108 |    328 |   3150 |   5 |  855.4 |
        Temple |      1 |      1 |      0 |      0 |      0 |   1 |    1.0 |
               +--------+--------+--------+--------+--------+-----+--------+

Top non-repeatable levels by time:
     D:1: 1132 daAuts
     D:4: 928 daAuts
     D:2: 897 daAuts
     D:3: 864 daAuts
     D:5: 453 daAuts
  Temple: 1 daAuts

Table legend:
 A = Non-vault XP
 B = Vault XP
 C = Vault XP percentage of total XP
 D = Non-vault monster count
 E = Vault monster count
 F = Vault count percentage of total count
                 A         B        C        D         E       F
            +---------+---------+-------+---------+---------+-------
      Total |     911 |     177 |  16.3 |      75 |      20 |  21.1
            +---------+---------+-------+---------+---------+-------
        D:1 |      19 |       0 |   0.0 |      12 |       0 |   0.0
        D:2 |      27 |      34 |  55.7 |       8 |      11 |  57.9
        D:3 |      18 |     135 |  88.2 |      12 |       4 |  25.0
        D:4 |     455 |       8 |   1.7 |      26 |       5 |  16.1
        D:5 |     392 |       0 |   0.0 |      17 |       0 |   0.0
            +---------+---------+-------+---------+---------+-------
